 Dungeon Crawl Stone Soup version 0.31.0-12-g77e489cdc1 (webtiles) character file.

Game seed: 13691017827380236331

217 hawla the Ducker (level 5, -1/67 HPs)
             Began as a Minotaur Fighter on Feb 18, 2024.
             Slain by an ogre
             ... wielding a +0 giant spiked club
              (9 damage)
             ... on level 4 of the Dungeon.
             The game lasted 00:04:55 (2553 turns).

hawla the Ducker (Minotaur Fighter)                 Turns: 2553, Time: 00:04:55

Health: -1/67      AC: 22    Str: 20    XL:     5   Next: 61%
Magic:  4/4        EV:  2    Int:  5    God:
Gold:   78         SH:  5    Dex: 12    Spells: 4/4 levels left

rFire   . . .        a - +0 long sword (drain)
rCold   . . .        c - +0 buckler
rNeg    . . .        l - melded +0 chain mail
rPois   +            (helmet currently unavailable)
rElec   .            q - melded scarf {repulsion}
rCorr   +            (gloves currently unavailable)
SInv    .            (boots currently unavailable)
Will    .....        (no amulet)
Stlth   +            e - ring of resist corrosion
HPRegen 0.31/turn    (no ring)
MPRegen 0.09/turn

%: no passive effects
@: tree-form, hasted, very quick
A: stationary, stasis, torment immunity, boosted hp, (horns 2), (retaliatory
headbutt)
a: no special abilities


You were on level 4 of the Dungeon.
You were a tree.
You visited 1 branch of the dungeon, and saw 4 of its levels.

You collected 78 gold pieces.

Inventory:

Hand Weapons
 a - a +0 long sword of draining (weapon)
Missiles
 o - 3 atropa-tipped darts (quivered)
 r - 2 poisoned darts
Armour
 c - a +0 buckler (worn)
 l - a +0 chain mail (melded)
 q - a scarf of repulsion (melded)
Jewellery
 b - a ring of ice
 e - a ring of resist corrosion (left branch)
 i - a ring of poison resistance
Scrolls
 f - a scroll of immolation
 h - 2 scrolls of brand weapon
Potions
 d - a potion of might
 n - 2 potions of curing
 s - a potion of berserk rage {unknown}
 t - a potion of resistance {unknown}
 u - a potion of attraction {unknown}
 v - a potion of brilliance {unknown}


   Skills:
 - Level 3.6 Fighting
 - Level 2.4 Long Blades
 - Level 3.6 Armour
 + Level 5.1 Dodging
 - Level 5.0 Shields


You had 4 spell levels left.
You didn't know any spells.
Your spell library was empty.

Dungeon Overview and Level Annotations

Branches:
Dungeon (4/15)
 Temple: D:4-7

Altars:
Dithmenos

Shops:
D:3 [


Innate Abilities, Weirdness & Mutations

You are a tree.
Your roots penetrate the ground, keeping you stationary.
You cannot be teleported.
You are immune to unholy pain and torment.
Your maximum health is greatly increased.
Your equipment is partially melded.
((You have a pair of horns on your head.))
((You reflexively headbutt those who attack you in melee.))


Message History

Deactivating autopickup; reactivate with Ctrl-A.
It was a potion of magic.
Magic courses through your body.
It was a potion of heal wounds.
You feel much better.
Okay, then.
You slash the orc!
You kill the orc!
The orc hits you but does no damage.
You hit the orc but do no damage. The orc hits you but does no damage.
You hit the ogre. You drain the ogre.
The ogre is moderately wounded.
The ogre hits you but does no damage. The orc hits you but does no damage.
You hit the ogre.
The ogre is moderately wounded.
Something hits you but does no damage. The orc hits you but does no damage.
You slash the ogre!
The ogre is severely wounded.
The ogre hits you with a +0 giant spiked club!
Something hits you but does no damage. The orc hits you but does no damage.
You hit the ogre.
The ogre is severely wounded.
The ogre hits you with a +0 giant spiked club!
Something hits you.
* * * LOW HITPOINT WARNING * * *
The orc hits you with a +0 mace.
* * * LOW HITPOINT WARNING * * *
You slash the ogre!
The ogre is almost dead.
Something hits you but does no damage. The orc hits you but does no damage.
Unknown command.
You barely miss the ogre.
The ogre is almost dead.
The ogre hits you with a +0 giant spiked club!
* * * LOW HITPOINT WARNING * * *
Unknown command.
It was a potion of curing.
You feel better. Something hits you but does no damage.
The orc hits you but does no damage.
You closely miss the ogre.
The ogre is almost dead.
The ogre hits you with a +0 giant spiked club!
You die...

#. #.## .###.
#...# .....#
.!.. .....#
...##
#..####...#####
#..#..........##
#.##...{.......#
#♣O.....<.#
#o.###....##
....! #.....
..............#
###...##......##
#...........#
.............
.....#...###.#


You could see an ogre (drained) and an orc.

Vanquished Creatures
  2 orc wizards (D:3)
  9 adders
  2 dart slugs
  13 orcs
  4 bats
  2 endoplasms
  3 giant cockroaches (D:1)
  9 goblins
  3 hobgoblins
  4 kobolds
  6 quokkas
  8 ball pythons
  3 frilled lizards
  4 rats
72 creatures vanquished.

Notes
Turn   | Place    | Note
-------+----------+-------------------------------------------
     0 | D:1      | hawla the Minotaur Fighter began the quest for the Orb.
     0 | D:1      | Reached XP level 1. HP: 19/19 MP: 0/0
   129 | D:1      | Reached XP level 2. HP: 26/26 MP: 1/1
   918 | D:2      | Reached skill level 5 in Shields
   998 | D:2      | Reached skill level 1 in Dodging
   998 | D:2      | Reached XP level 3. HP: 27/31 MP: 2/2
  1439 | D:2      | Reached XP level 4. HP: 32/39 MP: 3/3
  1942 | D:3      | Found Waraonal's Armour Boutique.
  2139 | D:3      | Reached XP level 5. HP: 45/45 MP: 4/4
  2182 | D:3      | Found a shadowy altar of Dithmenos.
  2376 | D:3      | Reached skill level 5 in Dodging
  2511 | D:4      | Noticed an ogre
  2551 | D:4      | HP: 2/67 [ogre/+0 giant spiked club (10)]
  2553 | D:4      | Slain by an ogre

Illustrated notes

Levels and vault maps discovered:
D:1:      dpeg_arrival_oval, layout_basic, fountainhead,
          chequers_serial_rivers_micro_a
D:2:      layout_basic, minmay_misc_feat_plants, minmay_domino_2
D:3:      layout_rooms, mainiacjoe_overflow_surrounded_room, serial_shops, shop,
          grunt_ministairs_2, minmay_quadrilaterals
D:4:      layout_cave_pools, xom_confusion_cloud, nicolae_ashenzari_skybound,
          zin_purify, nzn_hepliaklqana_mist_gate, portal_sewer_entry_a

Skill      XL: |  1  2  3  4  5 |
---------------+----------------+-----
Shields        | 4 5 |  5.0
Dodging        | 1 2 4 5 |  5.1
Fighting       | |  3.6
Long Blades    | |  2.4
Armour         | |  3.6

Action                     |  1- 3 |  4- 6 || total
---------------------------+-------+-------++-------
  Melee: Long sword        |   102 |   118 ||   220
         Headbutt          |     9 |    11 ||    20
    Use: Scroll            |       |     5 ||     5
         Potion            |       |     5 ||     5
 Armour: Scale mail        |    59 |       ||    59
         Chain mail        |    30 |    79 ||   109
         Skin              |       |    18 ||    18
  Dodge: Dodged            |    51 |    43 ||    94
  Block: Buckler           |    32 |    35 ||    67
